 Dungeon Crawl Stone Soup version 0.31-a0-263-ge8cad7f256 (webtiles) character file.

Game seed: 5227306374732365390

60 qw the Shooter (level 3, -1/29 HPs)
             Began as a Minotaur Hexslinger on July 13, 2023.
             Succumbed to an adder's poison
             ... on level 2 of the Dungeon.
             The game lasted 00:00:19 (843 turns).

qw the Shooter (Minotaur Hexslinger)                 Turns: 843, Time: 00:00:19

Health: -1/29      AC:  5    Str: 12    XL:     3   Next: 80%
Magic:  3/3        EV: 11    Int: 10    God:
Gold:   26         SH:  0    Dex: 14    Spells: 3/4 levels left

rFire   . . .        Y - +1 sling
rCold   + . .        (no shield)
rNeg    . . .        h - +0 ring mail
rPois   .            (helmet restricted)
rElec   .            (no cloak)
rCorr   .            (no gloves)
SInv    .            (no boots)
Will    .....        (no amulet)
Stlth   +            i - ring of protection from cold
HPRegen 0.24/turn    (no ring)
MPRegen 0.08/turn

%: no passive effects
@: lethally poisoned (-1 -> -15)
A: horns 2, retaliatory headbutt
a: no special abilities


You were on level 2 of the Dungeon.
You visited 1 branch of the dungeon, and saw 2 of its levels.

You collected 26 gold pieces.


Innate Abilities, Weirdness & Mutations

You have a pair of horns on your head.
You reflexively headbutt those who attack you in melee.


   Skills:
 - Level 2.0 Fighting
 + Level 4.1 Ranged Weapons
 - Level 1.2 Armour
 - Level 2.1 Dodging
 - Level 1.0 Spellcasting
 - Level 2.0 Hexes


You had 3 spell levels left.
You knew the following spells:

 Your Spells              Type           Power      Damage    Failure   Level
a - Slow                  Hex            16%        N/A       34%         1

Your spell library contained the following spells:

 Spells                   Type           Power      Damage    Failure   Level
 Inner Flame              Hex/Fire       2%         N/A       83%         3
 Portal Projectile        Hex/Tloc       4%         N/A       83%         3
 Cause Fear               Hex            2%         N/A       98%         4

Inventory:

Hand Weapons
 Y - a +1 sling (weapon)
Armour
 h - a +0 ring mail (worn)
Jewellery
 i - a ring of protection from cold (left hand)
Potions
 a - a potion of berserk rage {unknown}
 e - a potion of might {unknown}
 f - a potion of haste {unknown}

Dungeon Overview and Level Annotations

Branches:
Dungeon (2/15)

Altars:


Message History

The adder poisons you! The adder closely misses you.
You shoot a sling bullet. The sling bullet misses the adder.
You feel sick. The adder closely misses you. The adder barely misses you. x2
You furiously retaliate!
You headbutt the adder, but do no damage.
You shoot a sling bullet. The sling bullet misses the adder.
You feel sick. The adder bites you but does no damage. The adder bites you.
The adder closely misses you. The adder bites you.
You shoot a sling bullet.
The sling bullet barely misses the adder.
You feel sick.
You are no longer poisoned.
The adder bites you but does no damage. The adder bites you.
You are poisoned.
The adder poisons you! The adder closely misses you.
The adder barely misses you. The adder bites you but does no damage.
The adder barely misses you.
You shoot a sling bullet. The sling bullet misses the adder.
You feel sick. The adder bites you.
You are more poisoned.
The adder poisons you! The adder misses you. You furiously retaliate!
You headbutt the adder. The adder bites you. x2
The adder bites you but does no damage.
You shoot a sling bullet. The sling bullet hits the adder.
You kill the adder!
You feel very sick. The adder bites you.
You are lethally poisoned!
The adder poisons you! The adder barely misses you.
The adder bites you but does no damage.
Your Armour skill increases to level 1!
You shoot a sling bullet.
The sling bullet barely misses the adder.
You feel very sick. The adder barely misses you. The adder misses you.
The adder bites you.
You are more poisoned.
The adder poisons you! The adder bites you but does no damage.
You shoot a sling bullet. The sling bullet hits the adder!
You kill the adder!
You die...

........ ........#
#.P..... ........#
#....... ........#
#....... ........#
7.7.7).# ........#
#......# .......g#
7.7.7...
......%S#########.#.....
.......@........7.7#.###
.........########.......
P7.......#..........#.##
...#####.#.......(..#.7
.# #.#...........7.
#/...........#77.
#............# ~
#..###.#.#....7
#........#.....7


You could see an adder and a hobgoblin.

Vanquished Creatures
  Natasha (D:2)
  2 adders (D:2)
  A worm (D:2)
  3 ball pythons
  5 endoplasms
  A hobgoblin (D:1)
  A quokka (D:1)
  3 bats (D:1)
  A frilled lizard (D:2)
  3 goblins (D:1)
  A kobold (D:2)
  5 rats
27 creatures vanquished.

Notes
Turn   | Place    | Note
-------+----------+-------------------------------------------
     0 | D:1      | qw the Minotaur Hexslinger began the quest for the Orb.
     0 | D:1      | Reached XP level 1. HP: 16/16 MP: 1/1
     0 | D:1      | 0 ||| qw: Version: 0.3-a-52-g30416fa
     0 | D:1      | 0 ||| qw: Game counter: 7517
     0 | D:1      | 0 ||| qw: Melee chars always use a shield: true
     0 | D:1      | 0 ||| qw: God list: Okawaru
     0 | D:1      | 0 ||| qw: Allow faded altars: false
     0 | D:1      | 0 ||| qw: Do Orc after clearing Dungeon:15 true
     0 | D:1      | 0 ||| qw: Do second Lair branch before Depths: true
     0 | D:1      | 0 ||| qw: Lair rune preference: random
     0 | D:1      | 0 ||| qw: Goals: Normal
     0 | D:1      | 0 ||| PLANNING D:1-11
   144 | D:1      | Reached skill level 3 in Ranged Weapons
   147 | D:1      | Reached XP level 2. HP: 23/23 MP: 2/2
   591 | D:1      | 591 ||| UPGRADING to +0 ring mail.
   601 | D:1      | 601 ||| DROPPING +0 robe.
   602 | D:1      | 602 ||| UPGRADING to ring of protection from cold.
   603 | D:1      | 603 ||| READING scroll labelled NUILOU PADYXU.
   604 | D:1      | 604 ||| READING scroll labelled ITWETI QILO.
   605 | D:1      | 605 ||| DROPPING scroll of poison.
   677 | D:2      | Noticed Natasha
   680 | D:2      | 680 ||| Stepping ~*~*~tactically~*~*~ (outnumbered).
   691 | D:2      | HP: 6/24 [Natasha (3)]
   694 | D:2      | Killed Natasha
   695 | D:2      | Reached skill level 4 in Ranged Weapons
   695 | D:2      | Reached XP level 3. HP: 6/29 MP: 3/3
   842 | D:2      | Reached skill level 1 in Armour
   842 | D:2      | HP: 4/29 [poisoned by an adder]
   843 | D:2      | Succumbed to an adder's poison

Levels and vault maps discovered:
D:1:      eino_arrival_cavern_a, layout_loops_ring
D:2:      layout_basic, serial_forest, infiniplex_forest_side_room,
          infiniplex_forest_lined_4_way, infiniplex_forest_clump_tiny,
          infiniplex_forest_lined_corner, infiniplex_forest_clump_small,
          infiniplex_forest_split, infiniplex_forest_pool,
          infiniplex_forest_lined_ring, infiniplex_forest_clump_double,
          hellmonk_ecumenical_altar_run_dry, minmay_between, uniq_natasha

Skill      XL: |  1  2  3 |
---------------+----------+-----
Ranged Weapons | 3 4 |  4.1
Fighting       | 2 |  2.0
Armour         | 1 |  1.2
Dodging        | |  2.1
Spellcasting   | |  1.0
Hexes          | |  2.0

Action                     || total
---------------------------++-------
   Fire: Sling             ||    81
    Use: Scroll            ||     2
 Armour: Ring mail         ||    12
         Robe              ||     2
  Dodge: Dodged            ||    31

Table legend:
 A = Non-vault XP
 B = Vault XP
 C = Vault XP percentage of total XP
 D = Non-vault monster count
 E = Vault monster count
 F = Vault count percentage of total count
                 A         B        C        D         E       F
            +---------+---------+-------+---------+---------+-------
      Total |      64 |      35 |  35.4 |      26 |       1 |   3.7
            +---------+---------+-------+---------+---------+-------
        D:1 |      25 |       0 |   0.0 |      17 |       0 |   0.0
        D:2 |      39 |      35 |  47.3 |       9 |       1 |  10.0
            +---------+---------+-------+---------+---------+-------
